 Dungeon Crawl Stone Soup version 0.32-a0-18-g89e19f1974 (webtiles) character file.

Game seed: 2705477344557469259

9354 Curundu the Severer (level 11, 0/92 HPs)
             Began as a Minotaur Berserker on Jan 16, 2024.
             Was a High Priest of Trog.
             Killed from afar by a bog body (33 damage)
             ... with a bolt of cold
             ... on level 2 of the Lair of Beasts.
             The game lasted 00:39:04 (8234 turns).

Curundu the Severer (Minotaur Berserker)            Turns: 8234, Time: 00:39:05

Health: 0/92       AC: 19    Str: 26    XL:     11   Next: 21%
Magic:  10/10      EV: 22    Int:  4    God:    Trog [*****.]
Gold:   661        SH:  9    Dex: 10    Spells: 10/10 levels left

rFire   . . .        z - +2 war axe
rCold   . . .        r - +0 kite shield
rNeg    . . .        A - +1 plate armour
rPois   .            q - +2 hat {SInv}
rElec   .            e - scarf of the Gravedigger {harm, *Slow +Inv Regen+ rCorr}
rCorr   +            (no gloves)
SInv    +            i - +2 pair of boots
Will    ++...        v - amulet "Tatauc" {Acrobat Slay+3} Stlth
                     y - ring of flight
HPRegen 2.15/turn    (no ring)
MPRegen 0.12/turn

%: slow self (1%), harm (+30% outgoing, +20% incoming), acrobat
@: strong-willed, acrobatic, flying, regenerating, slowed, very slow
A: horns 2, retaliatory headbutt
a: Renounce Religion, Evoke Invisibility, Berserk, Trog's Hand, Brothers in Arms


You were on level 2 of the Lair of Beasts.
You worshipped Trog.
Trog was extremely pleased with you.
You visited 2 branches of the dungeon, and saw 10 of its levels.

You collected 661 gold pieces.

Inventory:

Hand Weapons
 a - a +1 hand axe
 k - a +2 whip of electrocution
 l - a +2 hand axe of freezing
 z - a +2 war axe (weapon)
Missiles
 h - 3 atropa-tipped darts
 o - 29 poisoned darts (quivered)
 t - 3 boomerangs
 L - a throwing net
Armour
 e - the scarf of the Gravedigger (worn) {harm, *Slow +Inv Regen+ rCorr}
   (You acquired it on level 1 of the Dungeon)

   +Inv:      It lets you turn invisible.
   Regen+:    It increases your rate of health regeneration.
   rCorr:     It protects you from acid and corrosion.
   *Slow:     It may slow you when you take damage.
 i - a +2 pair of boots (worn)
 q - a +2 hat of see invisible (worn)
 r - a +0 kite shield (worn)
 A - a +1 plate armour (worn)
Jewellery
 v - the amulet "Tatauc" (around neck) {Acrobat Slay+3}
   (You acquired it on level 6 of the Dungeon)

   [amulet of the acrobat]

   Acrobat:   It increases your evasion while moving and waiting.
   Slay+3:    It affects your accuracy & damage with ranged weapons and melee
   (+3).
 y - a ring of flight (left hand)
Wands
 b - a wand of acid (6)
 s - a wand of iceblast (13)
 u - a wand of charming (5)
 B - a wand of polymorph (10)
 D - a wand of flame (16)
Scrolls
 g - 2 scrolls of teleportation
 n - 2 scrolls of poison
 w - 3 scrolls of fog
 G - a scroll of immolation
 H - a scroll of revelation
 I - a scroll of blinking {unknown}
Potions
 c - 2 potions of berserk rage
 d - 2 potions of lignification
 f - 2 potions of curing
 j - a potion of might
 m - 2 potions of haste {unknown}
 p - a potion of enlightenment
 x - 2 potions of cancellation {unknown}
 C - a potion of mutation
 E - a potion of brilliance {unknown}
 F - a potion of attraction {unknown}
 J - a potion of resistance {unknown}
 K - a potion of ambrosia
 M - a potion of magic {unknown}


   Skills:
 + Level 7.3 Fighting
 - Level 17.8 Axes
 + Level 6.7 Armour
 - Level 2.1 Dodging
 + Level 6.1 Shields


You had 10 spell levels left.
You didn't know any spells.
Your spell library was empty.

Dungeon Overview and Level Annotations

Branches:
Dungeon (8/15)             Temple (0/1) D:6            Lair (2/5) D:8
 Spider (0/4) Lair:2
  Swamp: Lair:2-3    Shoals: Lair:2-3

Altars:
Ashenzari
Elyvilon
Hepliaklqana
Makhleb
Okawaru
Sif Muna
The Shining One

Shops:
D:1 :

Annotations:
D:7 1 runed translucent door, keekatzer's ghost, novice KoAl


Innate Abilities, Weirdness & Mutations

You have a pair of horns on your head.
You reflexively headbutt those who attack you in melee.


Message History

Found a ring mail.
Found a trident.
You now have 661 gold pieces (gained 23).
You see here a +0 ring mail.
Found 5 stones.
m - 2 bubbling sapphire potions (gained 1)
A bog body comes into view.
Throw: 33 darts (poison)
Press: ? - help, Q - select action, (/) - cycle Shift-Dir - straight line, f - bog body
Aim: a bog body (thin mist, 64% to hit)
You throw a poisoned dart. The poisoned dart hits the bog body.
You hear a splash.
Throw: 32 darts (poison)
Press: ? - help, Q - select action, (/) - cycle Shift-Dir - straight line, f/p - bog body
Aim: a bog body (thin mist, 64% to hit)
You throw a poisoned dart. The poisoned dart hits the bog body.
You hear a splash.
The bog body casts a spell at you.
You feel yourself slow down.
Throw: 31 darts (poison)
Press: ? - help, Q - select action, (/) - cycle Shift-Dir - straight line, f/p - bog body
Aim: a bog body (thin mist, 64% to hit)
You throw a poisoned dart.
The poisoned dart closely misses the bog body.
You hear a splash.
The bog body casts a spell at you. The bolt of cold hits you!!
Throw: 30 darts (poison)
Press: ? - help, Q - select action, (/) - cycle Shift-Dir - straight line, f/p - bog body
Aim: a bog body (64% to hit)
You throw a poisoned dart. The poisoned dart hits the bog body.
You hear a splash.
The bog body casts a spell at you. The bolt of cold hits you!!
* * * LOW HITPOINT WARNING * * *
Your skin crawls.
You feel strong-willed.
The bog body points at you and mumbles some strange words.
The bolt of cold hits you!!
You die...

......# ... ...# #....#
... .... #....# §§§. ..#
#...####### §§§§. ..#
#....#..##. ♣§.n##.#
#..........
~♣§§....#######..........
~~......##.##.#..........
........@................
####.#.########.#.#.#####
## ####### #


You could see a bog body.

Vanquished Creatures
  Pikel (D:7)
  Maurice (D:7)
  A black mamba (Lair:2)
  3 elephants (Lair:1)
  Jeremiah (D:6)
  3 cane toads
  Maggie (D:7)
  A rime drake (Lair:2)
  Psyche (D:8)
  A komodo dragon (Lair:1)
  Prince Ribbit (D:6)
  Sigmund (D:6)
  A shadow (D:8)
  5 yaks (Lair:2)
  7 water moccasins
  An orc warrior (D:6)
  A sky beast (D:8)
  2 black bears
  2 ogres
  A centaur (D:6)
  3 lemures
  A kobold brigand (D:8)
  13 bullfrogs
  A scorpion (D:6)
  10 wights
  4 killer bees (D:7)
  A howler monkey (D:5)
  2 bombardier beetles
  4 hounds
  A gnoll bouda (D:8)
  An iguana (D:5)
  Natasha (twice) (D:2)
  Terence (D:2)
  2 sleepcaps
  6 orc wizards
  8 gnolls
  10 adders
  4 dart slugs
  2 ribbon worms
  25 orcs
  9 endoplasms
  2 giant cockroaches (D:2)
  8 goblins
  8 hobgoblins
  5 jackals (D:1)
  12 kobolds
  3 quokkas
  3 ball pythons
  8 bats
  4 frilled lizards
  3 rats
202 creatures vanquished.

Vanquished Creatures (others)
  An orc wizard (D:6)
1 creature vanquished.

Grand Total: 203 creatures vanquished

Notes
Turn   | Place    | Note
-------+----------+-------------------------------------------
     0 | D:1      | Curundu the Minotaur Berserker began the quest for the Orb.
     0 | D:1      | Reached XP level 1. HP: 19/19 MP: 0/0
    44 | D:1      | Reached skill level 4 in Axes
   152 | D:1      | Reached XP level 2. HP: 22/26 MP: 1/1
   263 | D:1      | Found Egeumnet's Book Boutique.
   543 | D:1      | Reached skill level 5 in Axes
   546 | D:1      | Reached XP level 3. HP: 25/31 MP: 2/2
   732 | D:1      | Reached ** piety under Trog
   946 | D:1      | Identified a scroll of acquirement
   946 | D:1      | Acquired the scarf of the Gravedigger {harm, *Slow +Inv
                  | Regen+ rCorr}
  1178 | D:2      | Reached skill level 6 in Axes
  1178 | D:2      | Reached XP level 4. HP: 39/39 MP: 3/3
  1207 | D:2      | Noticed Natasha
  1210 | D:2      | Killed Natasha
  1344 | D:2      | Noticed Terence
  1352 | D:2      | Killed Terence
  1429 | D:2      | Reached XP level 5. HP: 44/45 MP: 4/4
  1458 | D:2      | Noticed Natasha
  1463 | D:2      | Killed Natasha
  1464 | D:2      | Reached skill level 7 in Axes
  1828 | D:3      | Found a hazy altar of Hepliaklqana.
  1871 | D:3      | Found a burning altar of Makhleb.
  2637 | D:4      | Found a glowing golden altar of the Shining One.
  2649 | D:4      | Reached skill level 8 in Axes
  2654 | D:4      | Reached *** piety under Trog
  2655 | D:4      | Reached XP level 6. HP: 51/51 MP: 5/5
  3047 | D:4      | Found a white marble altar of Elyvilon.
  3159 | D:4      | Found a broken altar of Ashenzari.
  3206 | D:5      | Entered Level 5 of the Dungeon
  3214 | D:5      | Reached skill level 9 in Axes
  3491 | D:5      | Reached XP level 7. HP: 57/57 MP: 6/6
  3556 | D:5      | Reached skill level 10 in Axes
  4369 | D:6      | Found a staircase to the Ecumenical Temple.
  4465 | D:6      | Noticed Prince Ribbit
  4473 | D:6      | Killed Prince Ribbit
  4474 | D:6      | Reached skill level 11 in Axes
  4552 | D:6      | Noticed Jeremiah
  4565 | D:6      | Reached XP level 8. HP: 48/64 MP: 7/7
  4571 | D:6      | Reached skill level 12 in Axes
  4597 | D:6      | Found an iron altar of Okawaru.
  4606 | D:6      | Killed Jeremiah
  4607 | D:6      | Reached skill level 13 in Axes
  4765 | D:6      | Reached **** piety under Trog
  4799 | D:6      | Noticed Sigmund
  4809 | D:6      | Killed Sigmund
  4810 | D:6      | Reached skill level 14 in Axes
  5126 | D:6      | Found a shimmering blue altar of Sif Muna.
  5213 | D:6      | Acquired the amulet "Tatauc" {Acrobat Slay+3}
  5222 | D:7      | Noticed Pikel
  5227 | D:6      | Reached XP level 9. HP: 69/70 MP: 8/8
  5291 | D:7      | Killed Pikel
  5292 | D:7      | Reached skill level 15 in Axes
  5567 | D:7      | Noticed Maggie
  5575 | D:7      | Killed Maggie
  5576 | D:7      | Reached skill level 16 in Axes
  5765 | D:7      | Noticed Maurice
  5779 | D:7      | Maurice stole a +2 whip of electrocution
  5780 | D:7      | Killed Maurice
  5825 | D:7      | Found a runed translucent door.
  5826 | D:7      | Noticed keekatzer's ghost (novice KoAl)
  5826 | D:7      | Noticed a centaur warrior
  6063 | D:8      | Reached skill level 17 in Axes
  6111 | D:8      | Reached XP level 10. HP: 69/77 MP: 9/9
  6231 | D:8      | Noticed Psyche
  6243 | D:8      | Killed Psyche
  6809 | D:8      | Found a staircase to the Lair.
  6985 | D:8      | Acquired a +2 hat of see invisible
  6993 | Lair:1   | Entered Level 1 of the Lair of Beasts
  7013 | Lair:1   | Reached skill level 1 in Shields
  7100 | Lair:1   | Noticed a cane toad
  7113 | Lair:1   | Killed a cane toad
  7264 | Lair:1   | Reached skill level 5 in Fighting
  7280 | Lair:1   | Noticed an elephant
  7284 | Lair:1   | Noticed an elephant
  7284 | Lair:1   | Noticed an elephant
  7287 | Lair:1   | Killed an elephant
  7298 | Lair:1   | Killed an elephant
  7298 | Lair:1   | Killed an elephant
  7299 | Lair:1   | Reached skill level 5 in Armour
  7763 | Lair:2   | Noticed a cane toad
  7764 | Lair:2   | Reached skill level 5 in Shields
  7772 | Lair:2   | Reached XP level 11. HP: 58/91 MP: 10/10
  7890 | Lair:2   | Reached ***** piety under Trog
  7942 | Lair:2   | Found a hole to the Spider Nest.
  8228 | Lair:2   | Noticed a bog body
  8234 | Lair:2   | Killed from afar by a bog body

Illustrated notes

Levels and vault maps discovered:
D:1:      dpeg_arrival_tiny_b, layout_loops_corners, serial_shops, shop,
          minmay_misc_feat_four_crosses, minivault_14
D:2:      layout_basic, uniq_natasha, uniq_terence
D:3:      layout_loops_ring, general_overflow_altar, bloody_makhleb
D:4:      layout_loops_ring, kennysheep_mini, elyvilon_altar_5,
          kennysheep_little_box
D:5:      layout_loops_corners
D:6:      layout_basic, okawaru_ov_weapons_minmay, kennysheep_orc_sif_temple,
          minmay_temple_entry_antechambers, uniq_sigmund, uniq_prince_ribbit1,
          uniq_jeremiah
D:7:      layout_loops_ring, ebering_ghost_inner_flame, uniq_maurice,
          uniq_pikel, uniq_maggie
D:8:      layout_loops_ring, lair_entry_dummy, minivault_24, uniq_psyche
Lair:1:   layout_roguey, grunt_megastairs_1
Lair:2:   layout_chaotic_city, skrybe_swamp_entry_bodies,
          spider_nest_entry_web_field

Skill      XL: |  1  2  3  4  5  6  7  8  9 10 11 |
---------------+----------------------------------+-----
Axes           | 4 5 6 8 9 11 14 17 | 17.8
Shields        | 5 6 |  6.1
Fighting       | 6 7 |  7.3
Armour         | 5 6 |  6.7
Dodging        | |  2.1

Action                     |  1- 3 |  4- 6 |  7- 9 | 10-12 || total
---------------------------+-------+-------+-------+-------++-------
  Melee: Hand axe          |    77 |    59 |   101 |       ||   237
         Headbutt          |     9 |    13 |    23 |    44 ||    89
         Whip              |       |    52 |       |       ||    52
         War axe           |       |       |    65 |   170 ||   235
  Throw: Dart              |       |       |       |     9 ||     9
 Invoke: Trog's Hand       |       |     1 |     4 |     2 ||     7
         Berserk           |       |     1 |     1 |       ||     2
    Use: Scroll            |     2 |    10 |     6 |     5 ||    23
 Armour: Animal skin       |    49 |    17 |       |       ||    66
         Chain mail        |       |    56 |    45 |       ||   101
         Plate armour      |       |       |    51 |    86 ||   137
         Skin              |       |       |    25 |       ||    25
  Dodge: Dodged            |    53 |    49 |    52 |    44 ||   198
  Block: Buckler           |       |     2 |     2 |       ||     4
         Kite shield       |       |       |    39 |    53 ||    92

Table legend: (Time is in decaauts)
 A = Elapsed time spent in this place.
 B = Non-inter-level travel time spent in this place.
 C = Inter-level travel time spent in this place.
 D = Time resting spent in this place.
 E = Time spent auto-exploring this place.
 F = Levels seen in this place.
 G = Mean time per level.
                   A        B        C        D        E       F      G
               +--------+--------+--------+--------+--------+-----+--------+
         Total |   8173 |   8173 |      0 |    252 |   5816 |  10 |  817.3 |
       Dungeon |   6954 |   6954 |      0 |    166 |   5051 |   8 |  869.2 |
          Lair |   1219 |   1219 |      0 |     86 |    765 |   2 |  609.5 |
               +--------+--------+--------+--------+--------+-----+--------+

Top non-repeatable levels by time:
     D:6: 1043 daAuts
     D:5: 1014 daAuts
     D:1: 959 daAuts
     D:8: 930 daAuts
     D:2: 873 daAuts
     D:7: 760 daAuts
  Lair:1: 738 daAuts
     D:3: 695 daAuts
     D:4: 678 daAuts
  Lair:2: 480 daAuts
